 Dungeon Sprint DCSS version 0.30-a0-800-g7c544603b3 (webtiles) character file.

Game seed: 4129612829128267965

132 rocky1 the Geomancer (level 6, -3/45 HPs)
             Began as a Demigod Earth Elementalist on Feb 23, 2023.
             Slain by a killer bee (9 damage)
             ... in the Dungeon (Sprint VI: "Thunderdome").
             The game lasted 00:04:22 (556 turns).

rocky1 the Geomancer (Demigod Earth Elementalist)    Turns: 556, Time: 00:04:23

Health: -3/45      AC:  2    Str:  9    XL:     6   Next: 34%
Magic:  9/28       EV: 12    Int: 28    God:
Gold:   220        SH:  0    Dex: 16    Spells: 11/19 levels left

rFire   + . .      SeeInvis .    (no weapon)
rCold   + . .      Faith    .    (no shield)
rNeg    . . .      Spirit   .    a - +0 robe
rPois   +          Reflect  .    (no helmet)
rElec   .          Harm     .    (no cloak)
rCorr   .          Rampage  .    (no gloves)
Will    +....      NoTele   +    (no boots)
Stlth   ++                       o - amulet "Masyak" {+Blink rF+ Will+ Regen+ Dex+2}
HPRegen 1.07/turn                m - ring "Xounal" {Fly rPois rC+ MP+9}
MPRegen 0.21/turn                p - ring "Piycvaogh" {Fly Int+3}

@: flying
A: high MP 1, forlorn, divine attributes
a: Evoke Blink


You were in the Dungeon.
You visited 1 branch You collected 400 gold pieces.
You spent 180 gold pieces at shops.

Inventory:

Hand Weapons
 l - a +2 scythe of freezing
Armour
 a - a +0 robe (worn)
Jewellery
 m - the ring "Xounal" (left hand) {Fly rPois rC+ MP+9}
   (You bought it in a shop in the Dungeon)

   [ring of protection from cold]

   rC:        It protects you from cold.
   rPois:     It protects you from poison.
   MP:        It affects your magic capacity (+9).
   Fly:       It grants you flight.
 n - the amulet of Starshine {Reflect rPois Will+ Int-4 SH+5 Stlth+}
   (You bought it in a shop in the Dungeon)

   [amulet of reflection]

   It reflects blocked missile attacks.
   Int:       It affects your intelligence (-4).
   rPois:     It protects you from poison.
   SH:        It affects your SH (+5).
   Will:      It increases your willpower.
   Stlth:     It makes you more stealthy.
 o - the amulet "Masyak" (around neck) {+Blink rF+ Will+ Regen+ Dex+2}
   (You bought it in a shop in the Dungeon)

   [amulet of regeneration]

   Dex:       It affects your dexterity (+2).
   rF:        It protects you from fire.
   +Blink:    It lets you blink.
   Regen:     It increases your rate of health regeneration.
   Will:      It increases your willpower.
 p - the ring "Piycvaogh" (right hand) {Fly Int+3}
   (You bought it in a shop in the Dungeon)

   [ring of flight]

   Int:       It affects your intelligence (+3).
   Fly:       It grants you flight.
Wands
 i - a wand of acid (3)
 j - a wand of roots (3)
Scrolls
 g - 4 scrolls of blinking
 k - 3 scrolls of fog
Potions
 b - 3 potions of magic
 c - a potion of curing
 d - 4 potions of heal wounds
 e - 4 potions of haste
 f - 2 potions of berserk rage
 h - a potion of resistance


   Skills:
 - Level 1.7 Dodging
 - Level 1.7 Stealth
 + Level 7.1 Spellcasting
 - Level 0.8 Transmutations
 * Level 11.1 Earth Magic


You had 11 spell levels left.
You knew the following spells:

 Your Spells              Type           Power      Damage    Failure   Level
a - Sandblast             Erth           100%       2d20      1%          1
b - Stone Arrow           Conj/Erth      82%        3d12      1%          3
c - Petrify               Tmut/Erth      43%        N/A       4%          4

Your spell library contained the following spells:

 Spells                   Type           Power      Damage    Failure   Level
 Passwall                 Tmut/Erth      35%        N/A       1%          2


Dungeon Overview and Level Annotations

Branches:
Dungeon (1/1)

Shops:
D *[??*?*:[((!!!!


Innate Abilities, Weirdness & Mutations

You have an increased reservoir of magic. (+10% MP)
You shall have no god before yourself.
Your divine heritage dramatically boosts your attributes as you level up.


Message History

You kill the killer bee!
You feel sick.
Your Spellcasting skill increases to level 7!
Your Earth Magic skill increases to level 11!
Casting: Stone Arrow (safe; 1% risk of failure)
Confirm with . or Enter, or press ? or * to list all spells.
Aiming: Sandblast (safe; 1% risk of failure)
Press: ? - help, Shift-Dir - straight line, f - killer bee
Aim: a killer bee (70% to hit)
The blast of sand misses the killer bee.
You feel sick.
You are no longer poisoned.
The killer bee stings you!
A queen bee comes into view.
The killer bee stings you. The killer bee closely misses you.
Casting: Sandblast (safe; 1% risk of failure)
Confirm with . or Enter, or press ? or * to list all spells.
Aiming: Sandblast (safe; 1% risk of failure)
Press: ? - help, Shift-Dir - straight line, f/p - killer bee
Aim: a killer bee (70% to hit)
The blast of sand misses the killer bee.
The queen bee buzzes angrily.
The killer bee misses you.
The killer bee stings you but does no damage.
The killer bee stings you! The killer bee closely misses you.
The killer bee misses you.
The killer bee stings you but does no damage.
Casting: Sandblast (safe; 1% risk of failure)
Confirm with . or Enter, or press ? or * to list all spells.
Aiming: Sandblast (safe; 1% risk of failure)
Press: ? - help, Shift-Dir - straight line, f/p - killer bee
Aim: a killer bee (70% to hit)
The blast of sand hits the killer bee!
The killer bee is heavily wounded.
The killer bee misses you. The killer bee stings you.
* * * LOW HITPOINT WARNING * * *
The killer bee barely misses you. x2; The killer bee stings you!
* * * LOW HITPOINT WARNING * * *
The killer bee stings you!
You die...

##⌠⌠⌠## #.....# ##.....##
##∩.....∩## #∩.......∩#
#_......._# #_......._#
#_........# ###..@y.....###
#⌠..y........§#
######)8.........8.######
##.___......###....[._..∩##
###∩........8.# #.8........∩##
##........÷....###.............
#⌠......)...###...###.....)....
#⌠....).....# #.<.# #..........
#⌠..........###...###..........


You could see 2 killer bees.

Vanquished Creatures
  Sigmund (D)
  A wolf (D)
  A killer bee (D)
  2 hounds (D)
  A gnoll bouda (D)
  2 gnolls (D)
  An adder (D)
  A worm (D)
  6 giant cockroaches (D)
  A kobold (D)
17 creatures vanquished.

Notes
Turn   | Place    | Note
-------+----------+-------------------------------------------
     0 | D        | rocky1 the Demigod Earth Elementalist began the quest for
                  | the Orb.
     0 | D        | Reached XP level 1. HP: 14/14 MP: 5/5
     5 | D        | Round 1.
     7 | D        | Found Beumaig's Identification Station.
     8 | D        | Found Zyege's Jewellery.
     8 | D        | Found Eduzo Keo's Advanced Armour.
    18 | D        | Found Etoam's Premium Goods.
    20 | D        | Found Kyolukka's Weapon Rack.
    21 | D        | Found Mogas's Miscellaneous Merchandise.
    21 | D        | Found Gefigo's Basic Armour.
    31 | D        | Found Eghel's Do-It-Yourself Clinic.
    32 | D        | Found Giuzuf's Bottled Wisdom.
    32 | D        | Found Muxziuda's Distillery.
    33 | D        | Found Vuutsir's Distillery.
    40 | D        | Noticed Sigmund
    43 | D        | Reached skill level 4 in Earth Magic
    47 | D        | Killed Sigmund
    48 | D        | Reached skill level 5 in Spellcasting
    48 | D        | Reached skill level 8 in Earth Magic
    48 | D        | Reached XP level 2. HP: 20/20 MP: 4/11
    48 | D        | Reached XP level 3. HP: 26/26 MP: 4/12
    48 | D        | Reached XP level 4. HP: 33/33 MP: 4/14
    48 | D        | Reached XP level 5. HP: 38/38 MP: 4/16
   114 | D        | Found Jined's Staff Store.
   120 | D        | Found Kuleler's Must-Have Magic.
   120 | D        | Found Jedgh's Magic Scroll Shop.
   121 | D        | Found Mikkysom's Magic Scroll Shop.
   140 | D        | Arena points: 12 (+12) [x2]
   164 | D        | Bought a faintly glowing platinum ring for 45 gold pieces
   164 | D        | Identified the ring "Xounal" {Fly rPois rC+ MP+9} (You
                  | bought it in a shop in the Dungeon)
   164 | D        | Bought a bound ivory amulet for 45 gold pieces
   164 | D        | Identified the amulet of Starshine {Reflect rPois Will+
                  | Int-4 SH+5 Stlth+} (You bought it in a shop in the Dungeon)
   164 | D        | Bought a flickering graven amulet for 45 gold pieces
   164 | D        | Identified the amulet "Masyak" {+Blink rF+ Will+ Regen+
                  | Dex+2} (You bought it in a shop in the Dungeon)
   164 | D        | Bought an ancient silver ring for 45 gold pieces
   164 | D        | Identified the ring "Piycvaogh" {Fly Int+3} (You bought it
                  | in a shop in the Dungeon)
   173 | D        | Round 2.
   223 | D        | Arena points: 48 (+36) [x3]
   231 | D        | Learned a level 3 spell: Stone Arrow
   236 | D        | Learned a level 4 spell: Petrify
   295 | D        | Round 3.
   316 | D        | Reached skill level 9 in Earth Magic
   418 | D        | Noticed a wolf
   422 | D        | Killed a wolf
   423 | D        | Reached skill level 10 in Earth Magic
   423 | D        | Reached XP level 6. HP: 30/45 MP: 19/19
   425 | D        | Arena points: 132 (+84) [x4]
   482 | D        | Round 4.
   554 | D        | Reached skill level 11 in Earth Magic
   554 | D        | Noticed a queen bee
   556 | D        | Slain by a killer bee

Illustrated notes

Levels and vault maps discovered:
D:        arena_sprint

Skill      XL: |  1  2  3  4  5  6 |
---------------+-------------------+-----
Spellcasting   | 5 6 7 |  7.1
Earth Magic    | 8 10 11 | 11.1
Dodging        | |  1.7
Stealth        | |  1.7
Transmutations | |  0.8

Action                     |  1- 3 |  4- 6 || total
---------------------------+-------+-------++-------
   Cast: Sandblast         |     1 |    21 ||    22
         Stone Arrow       |       |     9 ||     9
  Evoke: Wand              |     4 |       ||     4
 Armour: Robe              |       |     3 ||     3
  Dodge: Dodged            |       |    15 ||    15

Table legend: (Time is in decaauts)
 A = Elapsed time spent in this place.
 B = Non-inter-level travel time spent in this place.
 C = Inter-level travel time spent in this place.
 D = Time resting spent in this place.
 E = Time spent auto-exploring this place.
 F = Levels seen in this place.
 G = Mean time per level.
                   A        B        C        D        E       F      G
               +--------+--------+--------+--------+--------+-----+--------+
         Total |    565 |    565 |      0 |    244 |      0 |   1 |  565.0 |
       Dungeon |    565 |    565 |      0 |    244 |      0 |   1 |  565.0 |
               +--------+--------+--------+--------+--------+-----+--------+

Top non-repeatable levels by time:
       D: 565 daAuts
